[Event "Titled Tuesday Blitz June 15 2021"]
[White "Sanal, Vahap"]
[Black "Zverev, Lev"]
[WhiteFideId "6300545"]
[BlackFideId "24250775"]
[WhiteElo "2507"]
[BlackElo "2109"]
[Result "1-0"]
[Round "06"]
[TimeControl "180+1"]
[Date "2021.06.15"]
[WhiteClock "0:00:08"]
[BlackClock "0:00:01"]

1. Nf3 Nf6 2. g3 e6 3. Bg2 d5 4. b3 Be7 5. Bb2 O-O 6. O-O c5 7. e3 Nc6 8. c4 d4 9. exd4 cxd4 10. Re1 Re8 11. d3 Bb4 12. Nbd2 e5 13. a3 Bd6 14. b4 Bf5 15. c5 Bc7 16. Nc4 e4 17. dxe4 Bxe4 18. Nxd4 Bxg2 19. Rxe8+ Nxe8 20. Kxg2 Qd5+ 21. Qf3 Qxc4 22. Nxc6 bxc6 23. Qxc6 Rd8 24. Re1 Kf8 25. Kg1 Qc2 26. Ba1 Qd2 27. Kf1 Qd3+ 28. Kg1 Qd7 29. Qe4 f5 30. Qh4 h6 31. Qh5 Qf7 32. Qf3 Qd5 33. Qe2 Qd7 34. b5 Nf6 35. Bxf6 gxf6 36. a4 Re8 37. Qf1 Rxe1 38. Qxe1 Qd4 39. Qc1 Kg7 40. Qc2 Qa1+ 41. Kg2 Qe5 42. f3 Qd5 43. c6 h5 44. Qe2 Qc5 45. Qe6 Bb6 46. Qd7+ Kh6 47. Qd2+ Kg7 48. Kh3 Qg1 49. Qe2 Qc5 50. Qe6 f4 51. Qd7+ Kh6 52. Qd2 Qf5+ 53. Kg2 Qc5 54. Qxf4+ Kg7 55. Qd2 Qg1+ 56. Kh3 Qf1+ 57. Kh4 Qxf3 58. Qd7+ Kh6 59. Qe6 Be3 60. Qc4 Bg5+ 61. Kh3 Qf5+ 62. Kg2 Qc8 63. Qd3 f5 64. Qd6+ Kg7 65. c7 Qb7+ 66. Qc6 Qc8 67. a5 Bf6 68. b6 axb6 69. axb6 Qa6 70. Qd7+ Kg6 71. Qe8+ Kg7 72. c8=Q Qe2+ 73. Qxe2 1-0


[Site "https://www.chess.com"]

[Event "Titled Tuesday Blitz June 15 2021"]
[White "Sarana, Alexey"]
[Black "Jones, Gawain C B"]
[WhiteFideId "24133795"]
[BlackFideId "409561"]
[WhiteElo "2629"]
[BlackElo "2657"]
[Result "0-1"]
[Round "06"]
[TimeControl "180+1"]
[Date "2021.06.15"]
[WhiteClock "0:00:02"]
[BlackClock "0:00:05"]

1. e4 c5 2. Nf3 d6 3. d4 cxd4 4. Nxd4 Nf6 5. Nc3 g6 6. Be3 Bg7 7. Be2 Nc6 8. O-O O-O 9. Qd2 d5 10. Nxc6 bxc6 11. e5 Ne4 12. Nxe4 dxe4 13. Qc3 Be6 14. Rfd1 Qc7 15. Bf4 Rfd8 16. b3 h5 17. Qc5 Qb7 18. h3 Rd5 19. Qe3 Bxe5 20. Bxe5 Rxe5 21. c4 Qb6 22. Rd4 Rd8 23. Rxd8+ Qxd8 24. Qxa7 e3 25. Rd1 exf2+ 26. Kxf2 Qf8 27. Bf3 Kh7 28. Bxc6 Qh6 29. Qd4 Qg5 30. h4 Rf5+ 31. Bf3 Qg4 32. Ke2 Qg3 33. Kd2 Rf4 34. Qc3 Bg4 35. Kc1 Bxf3 36. gxf3 Rxf3 37. Qd4 Rf4 38. Qd2 Qxh4 39. a4 Qg3 40. Qd3 Rf3 41. Qd5 Rc3+ 42. Kd2 Qe3# 0-1


[Site "https://www.chess.com"]

[Event "Titled Tuesday Blitz June 15 2021"]
[White "Savitski, Andrei"]
[Black "Rodchenkov, Sergey D."]
[WhiteFideId "13506161"]
[BlackFideId "4168712"]
[WhiteElo "2121"]
[BlackElo "2306"]
[Result "1-0"]
[Round "06"]
[TimeControl "180+1"]
[Date "2021.06.15"]
[WhiteClock "0:00:55"]
[BlackClock "0:00:38"]

1. e4 c5 2. Nf3 d6 3. d4 cxd4 4. Nxd4 Nf6 5. Nc3 a6 6. Bg5 Nbd7 7. Qe2 h6 8. Bh4 e6 9. O-O-O Qc7 10. f4 Be7 11. Be1 b5 12. a3 Bb7 13. g4 d5 14. e5 Ne4 15. Nxe4 dxe4 16. Bg2 Nc5 17. Kb1 O-O 18. h4 Rfd8 19. g5 Nd3 20. cxd3 Rxd4 21. dxe4 Rxd1+ 22. Qxd1 Rd8 23. Qc2 Qb6 24. Bf2 Qa5 25. Be1 b4 26. gxh6 gxh6 27. Bf3 Qb5 28. Rg1+ Kf8 29. Qg2 Ke8 30. Bxb4 Bxb4 31. axb4 Qxb4 32. f5 Rd2 33. Qg8+ Qf8 34. fxe6 fxe6 35. Bh5+ 1-0


[Site "https://www.chess.com"]

[Event "Titled Tuesday Blitz June 15 2021"]
[White "Shahaliyev, Ismayil"]
[Black "Jacobson, Aaron"]
[WhiteFideId "13406388"]
[BlackFideId "2089912"]
[WhiteElo "2105"]
[BlackElo "2260"]
[Result "1/2-1/2"]
[Round "06"]
[TimeControl "180+1"]
[Date "2021.06.15"]
[WhiteClock "0:00:05"]
[BlackClock "0:00:15"]

1. d4 d5 2. Nf3 c5 3. c4 Nf6 4. dxc5 e6 5. cxd5 exd5 6. Bg5 Bxc5 7. e3 Qb6 8. Bxf6 Qxf6 9. Nc3 Bb4 10. Qd4 Qxd4 11. Nxd4 Nc6 12. Rd1 Bxc3+ 13. bxc3 Be6 14. Rb1 Na5 15. Bd3 Ke7 16. f4 Rhc8 17. Kd2 g6 18. h4 Bg4 19. Rb5 b6 20. Rxd5 Rc5 21. Rxc5 bxc5 22. Nb3 Nxb3+ 23. axb3 Be6 24. c4 a5 25. Ra1 Bd7 26. Be4 Ra6 27. Kc3 a4 28. bxa4 Rxa4 29. Rxa4 Bxa4 30. g4 h6 31. g5 hxg5 32. hxg5 Kd6 33. Bd5 Be8 34. Kd3 Ke7 35. Ke4 f6 36. gxf6+ Kxf6 37. Bb7 Bf7 38. Bd5 Be8 39. Bb7 Bf7 40. Kd3 g5 41. fxg5+ Kxg5 42. Bd5 Bg6+ 43. Kc3 Kf6 44. Kb3 Be8 45. Kc3 Ke5 46. Kd2 Bd7 47. Ke2 Be8 48. Kf3 Bd7 49. Kg3 Bf5 50. Kh4 Be4 51. Bf7 Bd3 52. Kg3 Ke4 53. Kf2 Ke5 54. Bd5 Bf5 55. Ke2 Bg6 56. Kf3 Bf5 57. Ke2 Bg6 58. Kd2 Bf5 59. Kc3 Bg6 60. Bc6 Bf5 61. Kb3 Be6 62. Kc3 Bf5 63. Bd5 Bd7 64. Kd3 Be8 65. Ke2 Bg6 1/2-1/2


[Site "https://www.chess.com"]

[Event "Titled Tuesday Blitz June 15 2021"]
[White "Shkapenko, Pavel"]
[Black "Arias, Juan Cruz"]
[WhiteFideId "4151933"]
[BlackFideId "118540"]
[WhiteElo "2386"]
[BlackElo "2083"]
[Result "1/2-1/2"]
[Round "06"]
[TimeControl "180+1"]
[Date "2021.06.15"]
[WhiteClock "0:00:19"]
[BlackClock "0:00:34"]

1. e4 c6 2. d4 d5 3. e5 Bf5 4. h4 h5 5. Bd3 Bxd3 6. Qxd3 e6 7. Bg5 Qb6 8. Nd2 Qa6 9. c4 Ne7 10. Ne2 Nd7 11. O-O Nf5 12. Ng3 g6 13. Nxf5 gxf5 14. b3 Be7 15. Nf3 Bxg5 16. Nxg5 Nf8 17. Qc3 Rd8 18. Rfd1 Qb6 19. a4 a5 20. c5 Qa6 21. b4 axb4 22. Qxb4 Ng6 23. Rdb1 Rd7 24. Qb6 Qe2 25. Qa7 O-O 26. Nf3 Qe4 27. Rxb7 Rxb7 28. Qxb7 Nf4 29. a5 Nxg2 30. Kxg2 Qg4+ 31. Kf1 Qxf3 32. Qb2 Qd3+ 33. Ke1 Ra8 34. Ra3 Qe4+ 35. Kd1 Qh1+ 36. Kc2 Qxh4 37. Kb1 Qe4+ 38. Ka2 Qe1 39. a6 Kh7 40. a7 Qf1 41. Qb7 Qc4+ 42. Kb1 Qf1+ 43. Ka2 Qxf2+ 44. Kb1 Qe1+ 45. Ka2 1/2-1/2


[Site "https://www.chess.com"]

[Event "Titled Tuesday Blitz June 15 2021"]
[White "Sirosh, Ilja"]
[Black "Hess, Robert"]
[WhiteFideId "4500458"]
[BlackFideId "2022036"]
[WhiteElo "2241"]
[BlackElo "2557"]
[Result "1-0"]
[Round "06"]
[TimeControl "180+1"]
[Date "2021.06.15"]
[WhiteClock "0:00:35"]
[BlackClock "0:00:01"]

1. e4 g6 2. d4 Bg7 3. Nf3 a6 4. a4 d6 5. Be2 Nd7 6. O-O e6 7. c4 Ne7 8. Nc3 O-O 9. Be3 h6 10. Qd2 Kh7 11. Rad1 f5 12. e5 dxe5 13. dxe5 Nc6 14. h4 Ndxe5 15. Qc1 Nxf3+ 16. Bxf3 Qxh4 17. g3 Qxc4 18. Kg2 Ne5 19. Rd4 Qb3 20. Bxh6 Nxf3 21. Bxg7 Kxg7 22. Kxf3 Rh8 23. Qf4 Kf6 24. Re1 Rh5 25. Qxc7 b5 26. Kg2 b4 27. Nd5+ 1-0


[Site "https://www.chess.com"]

[Event "Titled Tuesday Blitz June 15 2021"]
[White "Skliarov, Viktor"]
[Black "Howell, David W L"]
[WhiteFideId "14106736"]
[BlackFideId "410608"]
[WhiteElo "2344"]
[BlackElo "2643"]
[Result "0-1"]
[Round "06"]
[TimeControl "180+1"]
[Date "2021.06.15"]
[WhiteClock "0:00:07"]
[BlackClock "0:00:42"]

1. e4 c5 2. Nf3 Nc6 3. Bb5 g6 4. O-O Bg7 5. Re1 e5 6. Bxc6 dxc6 7. d3 b6 8. Nbd2 Nh6 9. Nc4 f6 10. Bd2 Nf7 11. a3 a5 12. b4 cxb4 13. axb4 a4 14. Be3 Ra6 15. d4 Be6 16. Na3 O-O 17. c4 exd4 18. Nxd4 Bd7 19. Nxc6 Bxc6 20. b5 Bxb5 21. cxb5 Ra8 22. Qxd8 Rfxd8 23. Bxb6 Rd3 24. Be3 f5 25. Ra2 fxe4 26. b6 Nd6 27. Rb1 Rb3 28. Rd1 Nf5 29. Nc4 Rb4 30. b7 Rxb7 0-1


[Site "https://www.chess.com"]

[Event "Titled Tuesday Blitz June 15 2021"]
[White "Solon, Nathan"]
[Black "Orantes Taboada, Francisco"]
[WhiteFideId "2017229"]
[BlackFideId "22274758"]
[WhiteElo "2630"]
[BlackElo "2073"]
[Result "1-0"]
[Round "06"]
[TimeControl "180+1"]
[Date "2021.06.15"]
[WhiteClock "0:00:16"]
[BlackClock "0:00:07"]

1. d4 Nf6 2. c4 g6 3. g3 d5 4. cxd5 Nxd5 5. e4 Nb6 6. Bg2 Bg7 7. Ne2 O-O 8. O-O Nc6 9. d5 Na5 10. Nbc3 c6 11. dxc6 Nxc6 12. b3 Bg4 13. f3 Be6 14. Be3 Qxd1 15. Rfxd1 Rfd8 16. Rac1 Rxd1+ 17. Rxd1 Rd8 18. Rxd8+ Nxd8 19. Nb5 Nc6 20. Nxa7 Nxa7 21. Bxb6 Nb5 22. Kf2 Kf8 23. Ke3 Ke8 24. f4 Bg4 25. e5 Bc8 26. a4 Na3 27. Kd2 f6 28. Bc5 Nb1+ 29. Kc1 Bf5 30. Nd4 Bd3 31. Ne6 Bh6 32. exf6 exf6 33. Bxb7 Kd7 34. Nd4 g5 35. fxg5 Bxg5+ 36. Kb2 Bd2 37. Nb5 Ba5 38. Bd4 Nd2 39. Bxf6 Nf1 40. Bc3 Bb6 41. Nd4 Nxh2 42. a5 Ba7 43. Nc6 Kc7 44. a6 Bxa6 45. Bxa6 Kxc6 46. Bd3 h5 47. Bg6 Ng4 48. Bxh5 Nf2 49. Bf3+ Kb5 50. g4 Nd3+ 51. Kc2 Nc5 52. g5 Ne6 53. g6 Bd4 54. Bxd4 Nxd4+ 55. Kd3 Nxf3 56. g7 Ne5+ 57. Ke4 Nd7 58. Kf5 Nf6 59. Kxf6 Kb4 60. g8=Q 1-0


[Site "https://www.chess.com"]

[Event "Titled Tuesday Blitz June 15 2021"]
[White "Starozhilov, Leonid"]
[Black "Florescu, Codrut-Constantin"]
[WhiteFideId "14106752"]
[BlackFideId "1202200"]
[WhiteElo "2414"]
[BlackElo "2243"]
[Result "1-0"]
[Round "06"]
[TimeControl "180+1"]
[Date "2021.06.15"]
[WhiteClock "0:00:11"]
[BlackClock "0:00:15"]

1. b3 d5 2. Bb2 Bf5 3. Nf3 e6 4. g3 Nf6 5. Bg2 Be7 6. O-O O-O 7. d3 c5 8. Nbd2 Nc6 9. e3 Rc8 10. a3 b5 11. Qe2 c4 12. e4 cxd3 13. cxd3 Bg4 14. h3 Bh5 15. g4 Bg6 16. Nh4 dxe4 17. Nxg6 hxg6 18. Nxe4 Nd4 19. Qd1 Qb6 20. a4 b4 21. a5 Qd8 22. Nd2 Nb5 23. Nc4 Nc3 24. Qc2 Nfd5 25. Rae1 Bf6 26. Bc1 Bd4 27. Kh1 Nb5 28. Be3 Qxa5 29. h4 Qd8 30. g5 Bc3 31. Rb1 Nd4 32. Qd1 Nf5 33. Qg4 Rxc4 34. dxc4 Ndxe3 35. fxe3 Nxe3 36. Qe4 Nxf1 37. Rxf1 a5 38. Bh3 Qd6 39. h5 gxh5 40. g6 f5 41. Qh4 Qd2 42. Qxh5 Qh6 43. Qf3 Qxg6 44. c5 Rc8 45. c6 Qf6 46. Bg2 g6 47. Rd1 Bd4 48. Rd3 e5 49. Qd5+ Kh8 50. Qd7 Rd8 51. Rh3+ Kg8 52. Qh7+ Kf8 53. c7 Rc8 54. Qh8+ Qxh8 55. Rxh8+ Ke7 56. Rxc8 Kd7 57. Bb7 e4 58. Rd8+ Kxc7 59. Rxd4 Kxb7 60. Rd5 Kb6 61. Kg2 f4 62. Kf2 Ka6 63. Re5 e3+ 64. Kf3 g5 65. Rxg5 a4 66. bxa4 b3 67. Rb5 b2 68. Rxb2 Ka5 69. Ra2 Kb4 70. Kxf4 Kb3 71. Re2 Kc3 72. Rxe3+ Kb4 73. Re4+ 1-0


[Site "https://www.chess.com"]

[Event "Titled Tuesday Blitz June 15 2021"]
[White "Stribuk, Artiom"]
[Black "Aitbayev, Aslan"]
[WhiteFideId "13515659"]
[BlackFideId "13704613"]
[WhiteElo "2177"]
[BlackElo "2417"]
[Result "1-0"]
[Round "06"]
[TimeControl "180+1"]
[Date "2021.06.15"]
[WhiteClock "0:00:18"]
[BlackClock "0:00:20"]

1. d4 d5 2. c4 c6 3. Nf3 Nf6 4. e3 e6 5. b3 c5 6. Bd3 Nc6 7. cxd5 Nxd5 8. Bb2 cxd4 9. Nxd4 Bb4+ 10. Nd2 O-O 11. O-O Bd7 12. Qh5 Nf6 13. Qe2 Nxd4 14. Bxd4 Bc6 15. Rfd1 Qe7 16. Nc4 Rfd8 17. Ne5 Be8 18. Rac1 Rac8 19. Bxa7 Nd5 20. Bd4 f6 21. Rxc8 Rxc8 22. Nc4 b5 23. Nd2 e5 24. Ba1 Bc3 25. Bxb5 Bxa1 26. Bc4 Bf7 27. Rxa1 Nc3 28. Bxf7+ Qxf7 29. Qd3 Qc7 30. h3 Rd8 31. Qc4+ Qxc4 32. Nxc4 Rb8 33. a4 Rxb3 34. a5 Rb7 35. a6 Ra7 36. Nd6 Nd5 37. Nc8 Ra8 38. a7 Nc7 39. Nb6 Rd8 40. a8=Q Nxa8 41. Rxa8 Rxa8 42. Nxa8 Kf7 43. Nb6 Ke6 44. Nc4 Kd5 45. Nd2 f5 46. Kf1 e4 47. Ke2 g5 48. f3 exf3+ 49. Kxf3 Ke5 50. Nc4+ Kd5 51. Nd2 h5 52. e4+ fxe4+ 53. Nxe4 g4+ 54. hxg4 hxg4+ 55. Kf4 Kd4 56. g3 Kd5 57. Nf6+ Ke6 58. Nxg4 Kf7 59. Ne3 Kg6 60. g4 Kf7 61. g5 Kg7 62. Ng4 Kf7 63. Ne5+ Kg7 64. Kf5 Kf8 65. g6 Kg8 66. Kf6 Kf8 67. g7+ Kg8 68. Ng6 Kh7 69. Ne7 Kh6 70. g8=Q Kh5 71. Qg3 Kh6 72. Qh4# 1-0


[Site "https://www.chess.com"]

[Event "Titled Tuesday Blitz June 15 2021"]
[White "Sukandar, Irine Kharisma"]
[Black "Jia, Haoxiang"]
[WhiteFideId "7101937"]
[BlackFideId "8602999"]
[WhiteElo "2313"]
[BlackElo "2631"]
[Result "0-1"]
[Round "06"]
[TimeControl "180+1"]
[Date "2021.06.15"]
[WhiteClock "0:00:01"]
[BlackClock "0:01:01"]

1. d4 d5 2. Nf3 Nf6 3. Bf4 g6 4. e3 Bg7 5. Nc3 O-O 6. Nb5 Na6 7. Bd3 c6 8. Nc3 c5 9. Bxa6 bxa6 10. dxc5 Qa5 11. c6 Ne4 12. O-O Nxc3 13. bxc3 Qxc3 14. Qxd5 Be6 15. Qe4 Qc4 16. Qxc4 Bxc4 17. c7 Bxf1 18. Rxf1 Rac8 19. Rb1 f6 20. Rb7 e5 21. Bg3 Rf7 22. Rxa7 Rfxc7 23. Rxa6 Rxc2 24. h4 h5 25. Ne1 Rc1 26. f3 Rb8 27. Kf1 Rb2 28. e4 Ra1 29. Ra8+ Kh7 30. Bf2 Raxa2 31. Rxa2 Rxa2 32. Nd3 Bf8 33. f4 Rd2 34. Ne1 exf4 35. Nf3 Ra2 36. e5 fxe5 37. Nxe5 Bd6 38. Nf3 Kg8 39. Bd4 Kf7 40. Ng5+ Ke7 41. Nf3 Ke6 42. Ng5+ Kf5 43. Nf3 Kg4 44. Bf2 Ra5 45. Nh2+ Kf5 46. Nf3 Bc5 47. Be1 Ra1 0-1


[Site "https://www.chess.com"]

[Event "Titled Tuesday Blitz June 15 2021"]
[White "Svane, Rasmus"]
[Black "Khusnutdinov, Rustam"]
[WhiteFideId "4657101"]
[BlackFideId "13701703"]
[WhiteElo "2669"]
[BlackElo "2571"]
[Result "0-1"]
[Round "06"]
[TimeControl "180+1"]
[Date "2021.06.15"]
[WhiteClock "0:00:07"]
[BlackClock "0:00:08"]

1. Nf3 Nf6 2. g3 b6 3. Bg2 Bb7 4. O-O g6 5. d4 Bg7 6. c4 O-O 7. Re1 Na6 8. a3 e6 9. Qc2 c5 10. dxc5 Nxc5 11. Nc3 Nfe4 12. Bd2 Nxc3 13. Bxc3 Be4 14. Qd1 Bxc3 15. bxc3 Qc7 16. h4 Rad8 17. Qd4 Bxf3 18. Bxf3 Nb3 19. Qf6 Rde8 20. Rad1 Qd8 21. Qe5 Nc5 22. Rd4 Qe7 23. Red1 f6 24. Qe3 e5 25. Rd6 f5 26. Bg2 Rf6 27. Rxf6 Qxf6 28. a4 a5 29. Bd5+ Kg7 30. Kg2 Re7 31. Rb1 f4 32. Qd2 Nxa4 33. Rd1 Nc5 34. Rb1 a4 35. Qb2 d6 36. Qxb6 e4 37. Qd8 Rf7 38. Qxf6+ Rxf6 39. Rb8 Rf8 40. Rb6 Rd8 41. Rc6 Rd7 42. Rc8 Ra7 43. gxf4 a3 44. Rg8+ Kh6 45. f5 a2 46. f6 a1=Q 47. f7 Rxf7 48. Bxf7 Qxc3 49. Bd5 e3 50. Bf3 exf2 51. Kxf2 Qd4+ 52. Kg2 Qxh4 53. Rf8 Qd4 54. Re8 Kg5 55. Re7 h5 56. e3 Qxc4 57. e4 Kf4 58. Bd1 Qd4 59. Rf7+ Ke3 60. Bf3 Qd2+ 61. Kg3 Nxe4+ 62. Bxe4 Kxe4 63. Re7+ Kd5 64. Rf7 Qg5+ 65. Kh3 Qf5+ 66. Rxf5+ gxf5 67. Kg3 Ke4 0-1


[Site "https://www.chess.com"]

[Event "Titled Tuesday Blitz June 15 2021"]
[White "Sychev, Klementy"]
[Black "Manafov, Vugar"]
[WhiteFideId "4114060"]
[BlackFideId "13410814"]
[WhiteElo "2615"]
[BlackElo "2274"]
[Result "0-1"]
[Round "06"]
[TimeControl "180+1"]
[Date "2021.06.15"]
[WhiteClock "0:00:02"]
[BlackClock "0:00:11"]

1. e4 Nf6 2. e5 Nd5 3. d4 d6 4. c4 Nb6 5. exd6 cxd6 6. Nc3 g6 7. Be3 Bg7 8. Rc1 O-O 9. b3 Bf5 10. Nge2 d5 11. c5 N6d7 12. Ng3 e6 13. Nxf5 gxf5 14. g4 f4 15. Bxf4 Nc6 16. Bd6 Nxd4 17. Bd3 Ne5 18. Be2 Qg5 19. O-O Qf4 20. Kh1 Rfd8 21. f3 Bf8 22. Bc7 Rd7 23. Bxe5 Qxe5 24. f4 Qg7 25. Nb5 Nxb5 26. Bxb5 Rc7 27. b4 a5 28. a3 axb4 29. axb4 Ra2 30. Rc2 Rxc2 31. Qxc2 Qd4 32. Qb3 Qe4+ 33. Kg1 Bg7 34. Rf3 Bd4+ 35. Kf1 Rc8 36. Qd3 Ra8 37. Qxe4 dxe4 38. Rb3 Ra1+ 39. Kg2 Ra2+ 40. Kg3 Bf2+ 41. Kh3 Bg1 42. Kg3 Bxh2+ 43. Kh4 Bxf4 44. g5 Rg2 45. Kh3 Rxg5 46. Bd7 Rd5 47. Bc8 e3 48. Rb1 e2 49. Re1 Re5 50. Bxb7 Bd2 51. c6 Re3+ 52. Kg2 Bxe1 53. c7 Rc3 0-1


[Site "https://www.chess.com"]

[Event "Titled Tuesday Blitz June 15 2021"]
[White "Sztokbant, Bernardo Vainzoff"]
[Black "Tsaruk, Maksim"]
[WhiteFideId "2115956"]
[BlackFideId "13511173"]
[WhiteElo "2264"]
[BlackElo "2197"]
[Result "1-0"]
[Round "06"]
[TimeControl "180+1"]
[Date "2021.06.15"]
[WhiteClock "0:00:08"]
[BlackClock "0:00:14"]

1. b3 Nf6 2. Bb2 e6 3. Nf3 Be7 4. e3 O-O 5. Be2 c5 6. O-O b6 7. d4 Bb7 8. c4 cxd4 9. Nxd4 d5 10. Nd2 Nc6 11. Nxc6 Bxc6 12. Rc1 Bb7 13. Bf3 Rc8 14. Qe2 a5 15. Rfd1 Bb4 16. a3 Bc5 17. cxd5 exd5 18. Nf1 Qe7 19. a4 Ne4 20. Ng3 g6 21. Bxe4 dxe4 22. Qg4 f5 23. Qf4 Rfd8 24. h4 Rxd1+ 25. Rxd1 Rd8 26. Rxd8+ Qxd8 27. Qe5 Qd6 28. Qh8+ Kf7 29. Qxh7+ Ke6 30. Qxg6+ Kd7 31. Qxf5+ Kc6 32. Qxe4+ Kc7 33. Qe5 Bd5 34. Qxd6+ Kxd6 35. Nf5+ Kc7 36. Nd4 Bxd4 37. Bxd4 Bxb3 38. g4 Bxa4 39. h5 Bc2 40. g5 b5 41. g6 b4 42. f3 a4 43. e4 a3 44. h6 b3 45. h7 b2 46. h8=Q b1=Q+ 47. Kh2 Qd1 48. Qe5+ Kb7 49. Qd5+ Kc8 50. Qc5+ Kd7 51. g7 Bb3 52. Qa7+ Kc6 53. Qb6+ Kd7 54. Qb7+ Kd6 55. Qb8+ Kc6 56. g8=Q Bxg8 57. Qxg8 Qxd4 58. Qe8+ Qd7 59. Qa8+ Kc5 60. Qxa3+ Kd4 61. Qb2+ Ke3 62. Qc3+ Kf4 63. Qc1+ Kxf3 64. Qf1+ Kxe4 65. Qg2+ Kf4 66. Qg3+ Ke4 67. Qg2+ Ke3 68. Qg3+ Ke2 69. Qg2+ Ke1 70. Qg3+ Kd2 71. Qg2+ Kc3 72. Qh3+ Kb4 73. Qxd7 Kc5 74. Kg3 Kb4 75. Kf4 Kc4 76. Ke4 Kc3 77. Qc7+ Kb4 78. Qc6 Kb3 79. Qc5 Ka2 80. Qb5 Ka1 81. Kd3 Ka2 82. Kc2 Ka1 83. Qa5# 1-0


[Site "https://www.chess.com"]

[Event "Titled Tuesday Blitz June 15 2021"]
[White "Tarlabasi, Emirhan"]
[Black "Rustemov, Alexander"]
[WhiteFideId "6350275"]
[BlackFideId "4119002"]
[WhiteElo "1949"]
[BlackElo "2712"]
[Result "0-1"]
[Round "06"]
[TimeControl "180+1"]
[Date "2021.06.15"]
[WhiteClock "0:00:08"]
[BlackClock "0:01:18"]

1. Nf3 d5 2. c4 d4 3. e3 c5 4. exd4 cxd4 5. d3 Nc6 6. g3 e5 7. Bg2 Bd6 8. O-O Nf6 9. Re1 O-O 10. a3 a5 11. b3 h6 12. Nbd2 Bf5 13. Qc2 Re8 14. Rb1 Nd7 15. Ne4 Bf8 16. h3 Rc8 17. Bd2 Bxa3 18. g4 Bxe4 19. Rxe4 Nc5 20. Ree1 Bb4 21. g5 hxg5 22. Bxg5 Qd6 23. Bd2 Bxd2 24. Qxd2 Nb4 25. Kf1 Ncxd3 26. Red1 e4 27. Ne1 Nxe1 28. Rxe1 f5 29. Rbd1 Rcd8 30. h4 Nd3 31. Re2 b6 32. h5 Nf4 33. Ree1 Nxh5 34. Qg5 g6 35. Bh3 Qf6 36. Qg2 Kg7 37. f3 Qh4 38. Bxf5 Ng3+ 39. Kg1 gxf5 40. fxe4 fxe4 41. Qb2 0-1


[Site "https://www.chess.com"]

[Event "Titled Tuesday Blitz June 15 2021"]
[White "Tejedor Fuente, Enrique"]
[Black "Bok, Benjamin"]
[WhiteFideId "2299100"]
[BlackFideId "1017063"]
[WhiteElo "2535"]
[BlackElo "2658"]
[Result "0-1"]
[Round "06"]
[TimeControl "180+1"]
[Date "2021.06.15"]
[WhiteClock "0:00:01"]
[BlackClock "0:00:01"]

1. d4 Nf6 2. c4 e6 3. Nc3 Bb4 4. f3 c5 5. d5 b5 6. e4 d6 7. Ne2 O-O 8. a3 Ba5 9. cxb5 exd5 10. exd5 Re8 11. Bg5 Nbd7 12. Rb1 h6 13. Bh4 Bb7 14. b4 cxb4 15. axb4 Bb6 16. Bf2 Rc8 17. Rc1 Ne5 18. Bd4 Nxd5 19. Bxb6 Nxb6 20. Kf2 Nd5 21. Nxd5 Rxc1 22. Nxc1 Bxd5 23. Qxd5 Qh4+ 24. g3 Qxb4 25. Be2 Qb2 26. Rd1 Re6 27. Kg1 Qc3 28. Qa8+ Kh7 29. Qe4+ g6 30. Qd4 Qc2 31. Qd2 Qc5+ 32. Qd4 Qc2 33. Qxa7 Kg7 34. Qd4 Kg8 35. Qf2 Qb2 36. Rf1 d5 37. Bd3 Qc3 38. Rd1 d4 39. Be2 Qc2 40. Nd3 Nxd3 41. Rxd3 Rxe2 42. Qxd4 Re1# 0-1


[Site "https://www.chess.com"]

[Event "Titled Tuesday Blitz June 15 2021"]
[White "Timofeev, Artyom"]
[Black "Stepanencu, Nicodim-Cosmin"]
[WhiteFideId "4140419"]
[BlackFideId "1256220"]
[WhiteElo "2582"]
[BlackElo "1704"]
[Result "1-0"]
[Round "06"]
[TimeControl "180+1"]
[Date "2021.06.15"]
[WhiteClock "0:00:18"]
[BlackClock "0:00:01"]

1. c4 e5 2. e3 Nf6 3. Nc3 b6 4. Nf3 e4 5. Nd4 g6 6. d3 exd3 7. Qf3 Nc6 8. Bxd3 Bb7 9. O-O Bg7 10. Nxc6 Bxc6 11. e4 O-O 12. Bg5 d6 13. Nd5 Bxd5 14. cxd5 h6 15. Bh4 Re8 16. Rac1 Qe7 17. Bb5 Rec8 18. Rfe1 g5 19. Bg3 Nd7 20. Qf5 Ne5 21. Rc2 a6 22. Bf1 b5 23. Rec1 Rab8 24. h3 Bf6 25. a4 Kg7 26. a5 Qd8 27. b3 Rb7 28. h4 c5 29. dxc6 Rbc7 30. hxg5 hxg5 31. Bxe5 Bxe5 32. g3 Qe8 33. Qxg5+ Kf8 34. Bh3 Rd8 35. Bd7 Qe7 36. Qf5 Bf6 37. Kg2 Qe5 38. Qf3 1-0


[Site "https://www.chess.com"]

[Event "Titled Tuesday Blitz June 15 2021"]
[White "Tomb, Maroun"]
[Black "Indjic, Aleksandar"]
[WhiteFideId "5300398"]
[BlackFideId "911925"]
[WhiteElo "2548"]
[BlackElo "2643"]
[Result "0-1"]
[Round "06"]
[TimeControl "180+1"]
[Date "2021.06.15"]
[WhiteClock "0:00:02"]
[BlackClock "0:00:14"]

1. e4 e6 2. d4 d5 3. Nd2 h6 4. Ngf3 c5 5. exd5 exd5 6. Bb5+ Nc6 7. O-O Bd6 8. Re1+ Ne7 9. dxc5 Bxc5 10. Nb3 Bb6 11. Be3 Bxe3 12. Rxe3 O-O 13. h3 a6 14. Bf1 Nf5 15. Rd3 Be6 16. Nbd4 Qf6 17. c3 Rad8 18. Qb3 Bc8 19. Rad1 Nfe7 20. Re3 Ng6 21. Rde1 Nf4 22. Kh2 g5 23. Nxc6 bxc6 24. Ne5 c5 25. Qa3 d4 26. Rg3 Rd5 27. cxd4 cxd4 28. Nd3 Nxd3 29. Bxd3 Kg7 30. Qe7 Be6 31. Qb7 Rd6 32. Rf3 Qd8 33. Bxa6 Qb8 34. Rd3 Rxa6+ 35. Qxb8 Rxb8 36. b3 Rxa2 37. Rxd4 Rxf2 0-1


[Site "https://www.chess.com"]

[Event "Titled Tuesday Blitz June 15 2021"]
[White "Tristan, Leonardo"]
[Black "Golubev, Mikhail"]
[WhiteFideId "113816"]
[BlackFideId "14100983"]
[WhiteElo "2404"]
[BlackElo "2374"]
[Result "1-0"]
[Round "06"]
[TimeControl "180+1"]
[Date "2021.06.15"]
[WhiteClock "0:02:45"]
[BlackClock "0:02:01"]

1. d4 Nf6 2. Bf4 c5 3. e3 cxd4 4. exd4 d5 5. Nf3 Nc6 6. Nbd2 g6 7. Bb5 Bg7 8. Ne5 Bd7 9. Nxd7 Qxd7 10. c3 a6 11. Bd3 O-O 12. O-O Nh5 13. Bg5 e5 14. dxe5 Nxe5 15. Be2 Qf5 16. f4 1-0


[Site "https://www.chess.com"]

[Event "Titled Tuesday Blitz June 15 2021"]
[White "Tsotsonava, Elene"]
[Black "Suvorov, Alexander"]
[WhiteFideId "13615939"]
[BlackFideId "12977063"]
[WhiteElo "1847"]
[BlackElo "2221"]
[Result "0-1"]
[Round "06"]
[TimeControl "180+1"]
[Date "2021.06.15"]
[WhiteClock "0:00:24"]
[BlackClock "0:00:48"]

1. Nf3 d5 2. e3 Bg4 3. d4 Nd7 4. c4 e6 5. h3 Bh5 6. Nc3 c6 7. Be2 Ngf6 8. O-O Bd6 9. b3 O-O 10. Bb2 Qe7 11. Nd2 Bg6 12. f4 c5 13. Nb5 cxd4 14. Bxd4 Bc5 15. Nf3 a6 16. Bxc5 Qxc5 17. Nbd4 Ne4 18. Rc1 Rac8 19. cxd5 Qxd5 20. Bc4 Qc5 21. Nh4 Ndf6 22. Nxg6 hxg6 23. Qd3 b5 24. Bxb5 Qxc1 25. Bxa6 Qc3 26. Qe2 Ra8 27. Bc4 Rxa2 28. Qxa2 Qxe3+ 29. Kh1 Ng3+ 30. Kh2 Nxf1+ 31. Bxf1 Qxd4 32. g3 0-1


[Site "https://www.chess.com"]

[Event "Titled Tuesday Blitz June 15 2021"]
[White "Turgut, Aydin"]
[Black "Matlakov, Maxim"]
[WhiteFideId "2078791"]
[BlackFideId "4168003"]
[WhiteElo "2138"]
[BlackElo "2760"]
[Result "0-1"]
[Round "06"]
[TimeControl "180+1"]
[Date "2021.06.15"]
[WhiteClock "0:00:01"]
[BlackClock "0:00:14"]

1. e4 e5 2. Nf3 d6 3. Bc4 Nf6 4. d3 Be7 5. O-O O-O 6. Nc3 c6 7. Bg5 Nbd7 8. a4 a5 9. Qd2 Re8 10. Nh4 Nc5 11. f4 Be6 12. Bxe6 Nxe6 13. Nf5 exf4 14. Bxf4 d5 15. Be5 Ng4 16. Bg3 Bc5+ 17. Kh1 d4 18. Ne2 Bb4 19. c3 dxc3 20. bxc3 Bf8 21. h3 Nf6 22. Qe3 Nc5 23. Ned4 Nd5 24. Qd2 Nc7 25. Qf4 N7e6 26. Qg4 Kh8 27. Nxe6 Nxe6 28. d4 Qg5 29. Qf3 f6 30. Rae1 Qg6 31. Ne3 Ng5 32. Qg4 Nxe4 0-1


[Site "https://www.chess.com"]